[Event "Frauenbundesliga 2023-24"]
[Site "Deizisau"]
[Date "2024.03.23"]
[Round "7.1"]
[White "Rogule, Laura"]
[Black "Klek, Hanna Marie"]
[Result "1-0"]
[ECO "E04"]
[WhiteElo "2277"]
[BlackElo "2287"]
[Annotator "RC"]
[PlyCount "57"]
[EventDate "2023.10.09"]
[EventType "team-tourn"]
[EventCountry "GER"]
[SourceTitle "playchess.com"]
[Source "ChessBase"]
[SourceQuality "1"]
[WhiteTeam "SG 1871 Löberitz"]
[BlackTeam "Schachfreunde Deizisau"]
[TimeControl "40/5400+30:1800+30"]

1. d4 Nf6 2. c4 e6 3. Nf3 d5 4. g3 dxc4 5. Bg2 c6 6. Ne5 Bb4+ 7. Bd2 Be7 8. Bg5 Nd5 9. Bxe7 Qxe7 10. Nxc4 O-O 11. O-O Rd8 12. Qb3 b5 13. Ne5 c5 14. dxc5 Qxc5 15. Nc3 Bb7 16. Qxb5 Qe7 17. Rfd1 Na6 18. Nxd5 exd5 19. Nc6 Bxc6 20. Qxc6 Nb4 21. Qa4 Rac8 22. Rac1 Rxc1 23. Rxc1 d4 24. Bf1 Qg5 25. Rc4 a5 26. Rxd4 Rb8 27. e3 h5 28. a3 Na2 29. Qc2 1-0

[Event "Frauenbundesliga 2023-24"]
[Site "Deizisau"]
[Date "2024.03.23"]
[Round "7.2"]
[White "Mkrtchian, Lilit"]
[Black "Berzina, Ilze"]
[Result "1/2-1/2"]
[ECO "E12"]
[WhiteElo "2378"]
[BlackElo "2150"]
[Annotator "RC"]
[PlyCount "35"]
[EventDate "2023.10.09"]
[EventType "team-tourn"]
[EventCountry "GER"]
[SourceTitle "playchess.com"]
[Source "ChessBase"]
[SourceQuality "1"]
[WhiteTeam "Schachfreunde Deizisau"]
[BlackTeam "SG 1871 Löberitz"]
[TimeControl "40/5400+30:1800+30"]

1. Nf3 Nf6 2. c4 b6 3. Nc3 Bb7 4. d4 e6 5. a3 Ne4 6. Nxe4 Bxe4 7. Nd2 Bb7 8. e4 d5 9. cxd5 exd5 10. e5 Be7 11. Bd3 c5 12. Qg4 g6 13. h4 Qd7 14. Qg3 Nc6 15. Nf3 Qe6 16. O-O h6 17. Be3 cxd4 18. Nxd4 1/2-1/2

[Event "Frauenbundesliga 2023-24"]
[Site "Deizisau"]
[Date "2024.03.23"]
[Round "7.3"]
[White "Endress, Anna"]
[Black "Nebolsina, Vera"]
[Result "1-0"]
[ECO "C54"]
[WhiteElo "2094"]
[BlackElo "2209"]
[Annotator "RC"]
[PlyCount "115"]
[EventDate "2023.10.09"]
[EventType "team-tourn"]
[EventCountry "GER"]
[SourceTitle "playchess.com"]
[Source "ChessBase"]
[SourceQuality "1"]
[WhiteTeam "SG 1871 Löberitz"]
[BlackTeam "Schachfreunde Deizisau"]
[TimeControl "40/5400+30:1800+30"]

1. e4 e5 2. Nf3 Nc6 3. Bc4 Nf6 4. d3 Bc5 5. O-O d6 6. c3 Bg4 7. h3 Bh5 8. Re1 a6 9. Bb3 h6 10. Nbd2 Qd7 11. Nf1 g5 12. Ng3 Bg6 13. d4 Ba7 14. Ba4 b5 15. Bc2 g4 16. dxe5 Nh5 17. Nxh5 Bxh5 18. hxg4 Bxg4 19. exd6 O-O-O 20. Be3 Rhg8 21. Bxa7 Nxa7 22. Qd5 c6 23. Qd3 Bh5 24. Ne5 Qe6 25. f4 Rxd6 26. Qe3 Kb7 27. Bb3 Qf6 28. Bd1 Qh4 29. Bxh5 Qxh5 30. a4 Qh4 31. Rad1 Nc8 32. Rxd6 Nxd6 33. a5 Nc8 34. Rd1 Rd8 35. Nd3 Kc7 36. Rd2 Qe7 37. f5 c5 38. Qg3+ Kb7 39. Re2 c4 40. Nb4 Rd1+ 41. Kh2 Nd6 42. e5 Kc8 43. Qg4 Ne8 44. f6+ Qd7 45. Qxd7+ Rxd7 46. Nxa6 Ra7 47. Nc5 Rc7 48. Na6 Ra7 49. Nb4 Nc7 50. a6 Ne6 51. Rd2 Kc7 52. Kg3 Ra8 53. Rd5 Rg8+ 54. Kf3 Ng5+ 55. Ke3 Ne6 56. Rxb5 Rxg2 57. a7 Rg8 58. Nd5+ 1-0

[Event "Frauenbundesliga 2023-24"]
[Site "Deizisau"]
[Date "2024.03.23"]
[Round "7.4"]
[White "Valkova, Angelika"]
[Black "Ter-Avetisjana, Agnesa Stepania"]
[Result "0-1"]
[ECO "D10"]
[WhiteElo "2021"]
[BlackElo "2114"]
[Annotator "RC"]
[PlyCount "106"]
[EventDate "2023.10.09"]
[EventType "team-tourn"]
[EventCountry "GER"]
[SourceTitle "playchess.com"]
[Source "ChessBase"]
[SourceQuality "1"]
[WhiteTeam "Schachfreunde Deizisau"]
[BlackTeam "SG 1871 Löberitz"]
[TimeControl "40/5400+30:1800+30"]

1. d4 d5 2. c4 c6 3. cxd5 cxd5 4. Bf4 Qb6 5. Nc3 Nf6 6. e3 Bd7 7. Bd3 e6 8. Nge2 Nc6 9. O-O Nb4 10. Bb1 Be7 11. a3 Nc6 12. Na4 Qd8 13. Nec3 O-O 14. Nb5 Na5 15. Nac3 a6 16. Bc7 Qc8 17. Bd6 Bxd6 18. Nxd6 Qc7 19. e4 Qxd6 20. e5 Qe7 21. exf6 Qxf6 22. f4 Nc6 23. Ne2 h5 24. Qd3 g6 25. Bc2 Ne7 26. Nc3 Rac8 27. Rad1 Kg7 28. g3 Rc7 29. Bb1 Rfc8 30. Kg2 Nf5 31. Ba2 Nd6 32. Rf2 Bb5 33. Qe3 Bc6 34. Bb1 Nb5 35. Na4 Be8 36. Nc5 Nxd4 37. Nxb7 Rxb7 38. Rxd4 Rc4 39. Rdd2 Bc6 40. Qe2 d4+ 41. Kg1 Rc1+ 42. Rf1 Rxf1+ 43. Kxf1 Rb3 44. Kg1 Re3 45. Qxa6 e5 46. Rf2 Re1+ 47. Rf1 Rxf1+ 48. Qxf1 e4 49. Qf2 Qd6 50. Kf1 e3 51. Qe2 Qd5 52. Ke1 Qh1+ 53. Qf1 Qxh2 0-1

[Event "Frauenbundesliga 2023-24"]
[Site "Deizisau"]
[Date "2024.03.23"]
[Round "7.5"]
[White "Giebel, Christine"]
[Black "Gheng, Simona"]
[Result "1/2-1/2"]
[ECO "B22"]
[WhiteElo "1877"]
[BlackElo "1974"]
[Annotator "NA RC"]
[PlyCount "43"]
[EventDate "2023.10.09"]
[EventType "team-tourn"]
[EventCountry "GER"]
[SourceTitle "playchess.com"]
[Source "ChessBase"]
[SourceQuality "1"]
[WhiteTeam "SG 1871 Löberitz"]
[BlackTeam "Schachfreunde Deizisau"]
[TimeControl "40/5400+30:1800+30"]

1. e4 c5 2. c3 d6 3. d4 cxd4 4. cxd4 g6 5. Nc3 Bg7 6. h3 Nf6 7. Nf3 a6 8. Bd3 Nc6 9. Be3 O-O 10. Qd2 b5 11. Rc1 Bb7 12. O-O e6 13. Rfe1 Rc8 14. Bg5 Qd7 15. Bb1 Na5 16. b3 b4 17. Na4 Rxc1 18. Qxc1 Bc6 19. Nb2 Qb7 20. Qf4 e5 21. Qh4 Nh5 22. d5 1/2-1/2

[Event "Frauenbundesliga 2023-24"]
[Site "Deizisau"]
[Date "2024.03.23"]
[Round "7.6"]
[White "Noppes, Marina"]
[Black "Schuster, Rebekka"]
[Result "1/2-1/2"]
[ECO "A96"]
[WhiteElo "1954"]
[BlackElo "1879"]
[Annotator "NA RC"]
[PlyCount "23"]
[EventDate "2023.10.09"]
[EventType "team-tourn"]
[EventCountry "GER"]
[SourceTitle "playchess.com"]
[Source "ChessBase"]
[SourceQuality "1"]
[WhiteTeam "Schachfreunde Deizisau"]
[BlackTeam "SG 1871 Löberitz"]
[TimeControl "40/5400+30:1800+30"]

1. d4 e6 2. c4 f5 3. Nc3 Nf6 4. Nf3 d6 5. g3 Be7 6. Bg2 O-O 7. O-O Nc6 8. d5 Ne5 9. dxe6 Bxe6 10. b3 c6 11. Nd4 Bd7 12. Qc2 1/2-1/2

[Event "Frauenbundesliga 2023-24"]
[Site "Deizisau"]
[Date "2024.03.23"]
[Round "7.7"]
[White "Roessler, Ulrike"]
[Black "Javakhishvili, Lela"]
[Result "0-1"]
[ECO "C54"]
[WhiteElo "2100"]
[BlackElo "2447"]
[Annotator "TA"]
[PlyCount "174"]
[EventDate "2023.10.09"]
[EventType "team-tourn"]
[EventCountry "GER"]
[SourceTitle "playchess.com"]
[Source "ChessBase"]
[SourceQuality "1"]
[WhiteTeam "SV Weißblau Allianz Leipzig"]
[BlackTeam "SK Schwäbisch Hall"]
[TimeControl "40/5400+30:1800+30"]

1. e4 e5 2. Nf3 Nc6 3. Bc4 Bc5 4. c3 Nf6 5. d4 exd4 6. cxd4 Bb4+ 7. Nbd2 O-O (7... Bxd2+ $11 8. Nxd2 d5 9. exd5 Qe7+ 10. Be2 Nxd5) 8. d5 $14 Ne7 9. e5 (9. a3 $14 Bxd2+ 10. Nxd2) 9... Nfxd5 $15 10. Qb3 (10. a3 $15 Bxd2+ 11. Bxd2) 10... c6 $17 11. O-O d6 $1 12. a3 Ba5 13. exd6 Qxd6 14. Ne4 Qc7 15. Qc2 h6 16. b4 Bb6 17. Bb2 Bf5 (17... Ng6 {simplifies} 18. Bxd5 cxd5 19. Qxc7 Bxc7 20. Nc3 Be6) 18. Bd3 Rad8 19. Rac1 Qc8 20. Rfe1 Bc7 (20... Nf4 $17 21. Qc3 f6 (21... Rxd3 22. Qxg7#)) 21. Nd4 (21. Nh4 $1 $11) 21... Bg6 22. Ng3 Bxd3 23. Qxd3 Qg4 24. b5 Bf4 25. Rc2 cxb5 26. Qxb5 b6 27. Rce2 Bd6 28. Re4 Qc8 29. Qb3 {[%emt 0:03:28] Wards off Nc3} Bc5 30. Qf3 Kh7 (30... f5 $11 31. Re6 Rf7) 31. Nh5 Rg8 32. Nb3 Qf5 {[%emt 0:03:02] aiming for ...Qxf3.} 33. Qe2 (33. Nxc5 $11 bxc5 34. Qe2 (34. Rxe7 $2 {is the wrong capture.} Nxe7 35. Qe2 Ng6 $19)) 33... Ng6 (33... Bxf2+ $1 $17 34. Qxf2 Qxh5) 34. Nxc5 $11 bxc5 35. Ng3 (35. h4 $5) 35... Qd7 36. h4 $2 (36. Qf3 $11 {and White stays safe.}) 36... Ndf4 $2 (36... f5 $1 $19 37. Rc4 Ndf4) 37. Rxf4 Nxf4 38. Qe4+ Ng6 39. h5 {[%emt 0:00:02] [#]} Rge8 $1 40. hxg6+ fxg6 41. Be5 Qd3 42. Qb7 Rd7 {[%emt 0:00:50] The board is on fire.} 43. Qb2 c4 {[%emt 0:02:38] ...Qb3 would now be deadly.} 44. Re3 (44. Rc1 $11 {keeps the balance.}) 44... Qd1+ (44... c3 $17 45. Qxc3 Qxc3 46. Bxc3 Rxe3 47. fxe3 Rd3) 45. Nf1 (45. Kh2 {is interesting.} Ree7 46. Qb8 Qg4 47. Re4) 45... Ree7 46. Qb4 Qd5 47. Qe1 Qc5 48. Qa1 Rd3 49. Bd4 Qd6 50. Be5 Qd5 {[%emt 0:03:14] Strongly threatening ...Rxe3.} (50... Qb6 $5) 51. Bc3 Rb7 {[%emt 0:01:23] Threatens to win with ...Rd1.} 52. Re5 Qf7 {[%emt 0:00:38] Hoping for ...Rb3.} 53. Qe1 Rd5 54. Re8 {[%emt 0:01:14] [#]} Rd1 $1 55. Qxd1 Qxe8 56. Qd4 Qe2 57. Nd2 Qd3 58. Qe5 (58. Nxc4 {simplifies} Qxd4 59. Bxd4 Rd7 60. Bb2) 58... Rd7 59. Qe6 (59. f3 $11) 59... Qd5 ({Black should play} 59... Qxc3 $15 60. Qxd7 Qc1+ 61. Kh2 (61. Nf1 $2 c3 $19) 61... c3) 60. Qe3 Rb7 61. Kh2 (61. f3 $11) 61... Qd6+ $15 62. Kg1 Re7 (62... Qxa3 {simplifies} 63. Nxc4 Qe7 64. Qxe7 Rxe7 65. Bd2 Rc7) 63. Ne4 $1 Qxa3 {[%emt 0:00:46][%cal Oe7e4] ...Rxe4! is the strong threat.} 64. f3 $1 Qd6 65. Qe1 Qb6+ 66. Kh2 {[%emt 0:00:16][%cal Oe4g5] Black must now prevent Ng5+!} Qc7+ 67. Kh1 Rd7 68. g3 Qc6 69. Kg2 Qd5 70. Qe3 Rf7 71. g4 Qd3 72. Qf2 g5 ({Better is} 72... Kg8 $17 73. Bb4 Rf4) 73. Qg3 (73. Ba5 $15) 73... Rf4 $17 74. Qf2 (74. Be1 $17 {was necessary.}) 74... Kg8 $2 ({Black should try} 74... Rxe4 $19 75. fxe4 Qxc3 76. Qf5+ g6 (76... Kg8 $2 77. Qc8+ Kh7 78. Qf5+ g6 79. Qf7+ Qg7 80. Qxc4 $17) 77. Qf7+ Qg7 78. Qxc4 Qb7) 75. Bd2 $1 $15 Rf7 76. Bb4 Qd5 77. Nd6 $2 (77. Qe1 $15) 77... Rf4 78. Ne4 {[%emt 0:00:09] [#]} a5 $1 79. Bd2 {[%emt 0:00:31] [#]} (79. Bc3 $17) 79... Rf7 $1 $19 80. Qb6 $2 (80. Qe2 {keeps fighting.}) 80... Qd3 81. Qb8+ $2 (81. Qf2 a4 82. Be3) 81... Rf8 {[%emt 0:00:29] Black is clearly winning.} 82. Qg3 Qe2+ 83. Qf2 Qxf2+ 84. Kxf2 a4 85. Bb4 (85. Bc1 $142) 85... Rb8 86. Bd6 Rb3 87. Nd2 {[%emt 0:00:18] [#]} (87. Be5 $142) 87... c3 $1 {[%emt 0:01:35] Weighted Error Value: White=0.25 (precise) /Black=0.23 (precise) .  Loses game:     	White=2     	---        Missed win:     	---       	Black=2      Mistake:       	White=13    	Black=7      Inaccurate:     	White=11    	Black=7      OK:         	White=21    	Black=25     Best:        	White=7     	Black=6      Strong:       	White=3     	Black=2} 0-1

[Event "Frauenbundesliga 2023-24"]
[Site "Deizisau"]
[Date "2024.03.23"]
[Round "7.8"]
[White "Ambartsumova, Karina"]
[Black "Dwilewicz, Katarzyna"]
[Result "1/2-1/2"]
[ECO "E03"]
[WhiteElo "2418"]
[BlackElo "2117"]
[Annotator "TA"]
[PlyCount "67"]
[EventDate "2023.10.09"]
[EventType "team-tourn"]
[EventCountry "GER"]
[SourceTitle "playchess.com"]
[Source "ChessBase"]
[SourceQuality "1"]
[WhiteTeam "SK Schwäbisch Hall"]
[BlackTeam "SV Weißblau Allianz Leipzig"]
[TimeControl "40/5400+30:1800+30"]

1. d4 Nf6 2. Nf3 e6 3. c4 d5 4. g3 dxc4 5. Qa4+ Nbd7 6. Bg2 a6 7. Qxc4 b5 8. Qd3 Bb7 9. O-O c5 10. Nc3 cxd4 11. Qxd4 {[%emt 0:02:19] Black is slightly better.} Bc5 12. Qf4 h6 13. b3 Qb6 14. Bb2 O-O 15. Ne1 e5 16. Qf5 Bxg2 17. Nxg2 Rac8 18. e3 Rfe8 19. Rfd1 Qb7 20. Rac1 Re6 21. Ne1 g6 22. Qh3 h5 23. Nd3 Be7 24. Qg2 Qxg2+ 25. Kxg2 Rec6 26. Ne2 Bd6 27. Rxc6 Rxc6 28. Rc1 {[%emt 0:00:24] Prevents Rc2.} Rxc1 29. Ndxc1 Nd5 30. e4 {[%emt 0:01:11] The position is equal.} N5b6 31. f4 f6 32. Nd3 Kf7 33. Kf3 Ke6 34. h3 {[%emt 0:00:36] Weighted Error Value: White=0.06 (flawless) /Black=0.07 (flawless) .  Inaccurate:     	---       	Black=2      OK:         	White=9     	Black=11} 1/2-1/2

[Event "Frauenbundesliga 2023-24"]
[Site "Deizisau"]
[Date "2024.03.23"]
[Round "7.9"]
[White "Daemering, Katrin"]
[Black "Milliet, Sophie"]
[Result "0-1"]
[ECO "C54"]
[WhiteElo "1983"]
[BlackElo "2386"]
[Annotator "RC"]
[PlyCount "82"]
[EventDate "2023.10.09"]
[EventType "team-tourn"]
[EventCountry "GER"]
[SourceTitle "playchess.com"]
[Source "ChessBase"]
[SourceQuality "1"]
[WhiteTeam "SV Weißblau Allianz Leipzig"]
[BlackTeam "SK Schwäbisch Hall"]
[TimeControl "40/5400+30:1800+30"]

1. e4 e5 2. Nf3 Nc6 3. Bc4 Nf6 4. d3 Bc5 5. O-O d6 6. c3 a5 7. h3 O-O 8. d4 Ba7 9. Re1 h6 10. Na3 exd4 11. cxd4 Nxe4 12. Rxe4 d5 13. Re2 dxc4 14. d5 Ne7 15. Rd2 Bc5 16. Nxc4 Bb4 17. Rd4 Nf5 18. Rd3 Nd6 19. Ne3 Re8 20. Bd2 Bc5 21. Rc1 Ne4 22. Be1 b6 23. b3 Ba6 24. Nc4 Qf6 25. Rc2 Rad8 26. Nh2 Qg6 27. Ng4 f6 28. Nge3 f5 29. Qf3 Ng5 30. Qd1 f4 31. Ng4 Rxe1+ 32. Qxe1 Qxd3 33. Rd2 Qf5 34. Re2 f3 35. Re5 Qg6 36. h4 Nh7 37. gxf3 Bxc4 38. bxc4 h5 39. Re6 Nf6 40. Re5 hxg4 41. Rg5 Qf7 0-1

[Event "Frauenbundesliga 2023-24"]
[Site "Deizisau"]
[Date "2024.03.23"]
[Round "7.10"]
[White "Melia, Salome"]
[Black "Schulz, Petra"]
[Result "1-0"]
[ECO "C07"]
[WhiteElo "2337"]
[BlackElo "2006"]
[Annotator "RC"]
[PlyCount "47"]
[EventDate "2023.10.09"]
[EventType "team-tourn"]
[EventCountry "GER"]
[SourceTitle "playchess.com"]
[Source "ChessBase"]
[SourceQuality "1"]
[WhiteTeam "SK Schwäbisch Hall"]
[BlackTeam "SV Weißblau Allianz Leipzig"]
[TimeControl "40/5400+30:1800+30"]

1. e4 e6 2. d4 d5 3. Nd2 c5 4. exd5 Qxd5 5. dxc5 Bxc5 6. Ngf3 Nf6 7. Bc4 Qd8 8. O-O O-O 9. Qe2 Nc6 10. Ne4 Nxe4 11. Qxe4 Qe7 12. Ng5 g6 13. Qh4 h5 14. c3 Ne5 15. Be2 f6 16. Ne4 Kg7 17. Nxc5 Qxc5 18. Be3 Qe7 19. Rad1 Bd7 20. Qf4 Nf7 21. Qc7 Rfd8 22. Qxb7 Rab8 23. Qxa7 Rxb2 24. Bb6 1-0

[Event "Frauenbundesliga 2023-24"]
[Site "Deizisau"]
[Date "2024.03.23"]
[Round "7.11"]
[White "Just, Anita"]
[Black "Daulyte-Cornette, Deimante"]
[Result "0-1"]
[ECO "B33"]
[WhiteElo "1873"]
[BlackElo "2375"]
[Annotator "RC"]
[PlyCount "120"]
[EventDate "2023.10.09"]
[EventType "team-tourn"]
[EventCountry "GER"]
[SourceTitle "playchess.com"]
[Source "ChessBase"]
[SourceQuality "1"]
[WhiteTeam "SV Weißblau Allianz Leipzig"]
[BlackTeam "SK Schwäbisch Hall"]
[TimeControl "40/5400+30:1800+30"]

1. e4 c5 2. Nf3 Nc6 3. d4 cxd4 4. Nxd4 Nf6 5. Nc3 e5 6. Ndb5 d6 7. Bg5 a6 8. Na3 Be6 9. Nc4 Rb8 10. Ne3 Be7 11. Bxf6 Bxf6 12. Ned5 Bg5 13. g3 h5 14. Bg2 h4 15. O-O h3 16. Bf3 Nd4 17. Bg4 Bxg4 18. Qxg4 Nxc2 19. Rad1 Rh6 20. Ne2 Kf8 21. Rd3 Rc8 22. f4 Bf6 23. Nxf6 Rxf6 24. Qxh3 Rh6 25. Qf5 exf4 26. Nxf4 Rf6 27. Qh7 Rh6 28. Ng6+ Rxg6 29. Qxg6 f6 30. Qf5 Qb6+ 31. Kh1 Re8 32. Qd7 Nd4 33. Rfd1 Rxe4 34. Qa4 Qc5 35. Rxd4 b5 36. Qxa6 Rxd4 37. Rxd4 Qc1+ 38. Kg2 Qxb2+ 39. Kh3 Qxd4 40. Qxb5 Qe5 41. a4 Qxb5 42. axb5 Ke7 43. Kg4 d5 44. Kf4 Kd6 45. Ke3 Kc5 46. h4 Kxb5 47. Kd4 Kc6 48. h5 Kd6 49. Ke3 Ke5 50. g4 d4+ 51. Kf3 d3 52. g5 fxg5 53. Ke3 g4 54. Kxd3 Kf4 55. Ke2 Kg3 56. Ke3 Kh2 57. Kf4 g3 58. Kg5 g2 59. Kg6 g1=Q+ 60. Kh7 Qg5 0-1

[Event "Frauenbundesliga 2023-24"]
[Site "Deizisau"]
[Date "2024.03.23"]
[Round "7.12"]
[White "Papp, Petra"]
[Black "Germann, Heike"]
[Result "1-0"]
[ECO "D00"]
[WhiteElo "2267"]
[BlackElo "1978"]
[Annotator "RC"]
[PlyCount "81"]
[EventDate "2023.10.09"]
[EventType "team-tourn"]
[EventCountry "GER"]
[SourceTitle "playchess.com"]
[Source "ChessBase"]
[SourceQuality "1"]
[WhiteTeam "SK Schwäbisch Hall"]
[BlackTeam "SV Weißblau Allianz Leipzig"]
[TimeControl "40/5400+30:1800+30"]

1. d4 Nf6 2. Bf4 d5 3. e3 Bf5 4. c4 e6 5. Qb3 Qc8 6. Nc3 c6 7. Rc1 a6 8. f3 Be7 9. g4 Bg6 10. h4 h6 11. cxd5 cxd5 12. Nge2 Nc6 13. Na4 Nd7 14. Kf2 Bd8 15. Bd6 Bc7 16. Ba3 Rb8 17. Qc3 Qd8 18. Qd2 Na5 19. b3 f6 20. Nf4 Bxf4 21. exf4 Kf7 22. Bd6 Nc6 23. Bxb8 Qxb8 24. h5 Bh7 25. Nc5 Nxc5 26. Rxc5 Qd6 27. Rc1 Rc8 28. Kg3 Rc7 29. Bd3 Bg8 30. Rhe1 Ke7 31. Bg6 Kd7 32. Qc3 Rc8 33. Bd3 Bf7 34. Rc2 Rc7 35. Rec1 Rc8 36. Qd2 Qb8 37. Rc5 Qa7 38. a4 Qb6 39. b4 Be8 40. Qc3 Qd8 41. Bxa6 1-0

[Event "Frauenbundesliga 2023-24"]
[Site "Deizisau"]
[Date "2024.03.24"]
[Round "8.1"]
[White "Klek, Hanna Marie"]
[Black "Roessler, Ulrike"]
[Result "1-0"]
[ECO "B90"]
[WhiteElo "2287"]
[BlackElo "2100"]
[Annotator "RC"]
[PlyCount "73"]
[EventDate "2023.10.09"]
[EventType "team-tourn"]
[EventCountry "GER"]
[SourceTitle "playchess.com"]
[Source "ChessBase"]
[SourceQuality "1"]
[WhiteTeam "Schachfreunde Deizisau"]
[BlackTeam "SV Weißblau Allianz Leipzig"]
[TimeControl "40/5400+30:1800+30"]

1. e4 c5 2. Nf3 d6 3. d4 cxd4 4. Nxd4 Nf6 5. Nc3 a6 6. Qd3 g6 7. Bg5 Bg7 8. O-O-O O-O 9. f4 Bg4 10. Rd2 Nc6 11. Nxc6 bxc6 12. f5 gxf5 13. exf5 Qa5 14. Rf2 Rab8 15. h3 Bh5 16. g4 Nd5 17. Bd2 Nb4 18. Qe3 Bxc3 19. bxc3 Qxa2 20. Kd1 Qxc2+ 21. Ke2 Rb5 22. gxh5 Na2 23. Rg1+ Kh8 24. Qd4+ f6 25. c4 Re5+ 26. Kf3 c5 27. Qd3 Qd1+ 28. Kg2 Rg8+ 29. Kh2 Rxg1 30. Kxg1 Qxh5 31. Rg2 Qxf5 32. Qg3 Qg6 33. Qb3 Qe8 34. Qxa2 Rh5 35. Qb3 Qc8 36. Qg3 Qf8 37. Be2 1-0

[Event "Frauenbundesliga 2023-24"]
[Site "Deizisau"]
[Date "2024.03.24"]
[Round "8.2"]
[White "Dwilewicz, Katarzyna"]
[Black "Mkrtchian, Lilit"]
[Result "1/2-1/2"]
[ECO "B18"]
[WhiteElo "2117"]
[BlackElo "2378"]
[Annotator "RC"]
[PlyCount "36"]
[EventDate "2023.10.09"]
[EventType "team-tourn"]
[EventCountry "GER"]
[SourceTitle "playchess.com"]
[Source "ChessBase"]
[SourceQuality "1"]
[WhiteTeam "SV Weißblau Allianz Leipzig"]
[BlackTeam "Schachfreunde Deizisau"]
[TimeControl "40/5400+30:1800+30"]

1. e4 c6 2. d4 d5 3. Nc3 dxe4 4. Nxe4 Bf5 5. Ng3 Bg6 6. Nh3 Nf6 7. c3 e6 8. Nf4 Bd6 9. h4 Qc7 10. Qf3 Nbd7 11. h5 Bc2 12. h6 gxh6 13. Bd3 Bxd3 14. Nxd3 Rg8 15. Bf4 Rg6 16. Rxh6 Bxf4 17. Rxg6 hxg6 18. Qxf4 Qxf4 1/2-1/2

[Event "Frauenbundesliga 2023-24"]
[Site "Deizisau"]
[Date "2024.03.24"]
[Round "8.3"]
[White "Koepke, Elena"]
[Black "Daemering, Katrin"]
[Result "1-0"]
[ECO "B22"]
[WhiteElo "2236"]
[BlackElo "1983"]
[Annotator "RC"]
[PlyCount "61"]
[EventDate "2023.10.09"]
[EventType "team-tourn"]
[EventCountry "GER"]
[SourceTitle "playchess.com"]
[Source "ChessBase"]
[SourceQuality "1"]
[WhiteTeam "Schachfreunde Deizisau"]
[BlackTeam "SV Weißblau Allianz Leipzig"]
[TimeControl "40/5400+30:1800+30"]

1. e4 c5 2. c3 d6 3. d4 cxd4 4. cxd4 a6 5. Nf3 Nf6 6. Nc3 e6 7. Bd3 Nc6 8. O-O Be7 9. Be3 O-O 10. Rc1 Bd7 11. h3 Qa5 12. a3 Rac8 13. Re1 b5 14. e5 Ne8 15. Ne4 f6 16. exd6 Nxd6 17. Nc5 Nb8 18. Nxd7 Nxd7 19. Bd2 Rxc1 20. Qxc1 Qb6 21. Rxe6 Rc8 22. Qe1 Bf8 23. Bf4 Rc6 24. d5 Rc8 25. Rxd6 Bxd6 26. Qe6+ Kh8 27. Qxd7 Rd8 28. Qf5 Kg8 29. Qxh7+ Kf8 30. Be3 Qb8 31. Bg6 1-0

[Event "Frauenbundesliga 2023-24"]
[Site "Deizisau"]
[Date "2024.03.24"]
[Round "8.4"]
[White "Schulz, Petra"]
[Black "Nebolsina, Vera"]
[Result "0-1"]
[ECO "C48"]
[WhiteElo "2006"]
[BlackElo "2209"]
[Annotator "RC"]
[PlyCount "72"]
[EventDate "2023.10.09"]
[EventType "team-tourn"]
[EventCountry "GER"]
[SourceTitle "playchess.com"]
[Source "ChessBase"]
[SourceQuality "1"]
[WhiteTeam "SV Weißblau Allianz Leipzig"]
[BlackTeam "Schachfreunde Deizisau"]
[TimeControl "40/5400+30:1800+30"]

1. e4 e5 2. Nf3 Nc6 3. Bb5 Nf6 4. Nc3 Nd4 5. Nxd4 exd4 6. Ne2 Nxe4 7. Nxd4 Bc5 8. c3 O-O 9. O-O d5 10. Nf3 Bg4 11. Be2 Bd6 12. d3 Nc5 13. Bg5 Qd7 14. Nd4 Bxe2 15. Qxe2 Rae8 16. Qf3 Ne6 17. Nxe6 fxe6 18. Qh3 Rf5 19. Bh4 Qf7 20. Bg3 e5 21. Rae1 Rf8 22. f3 h5 23. d4 e4 24. Bxd6 cxd6 25. Qg3 Qf6 26. Qh3 Qf7 27. Qg3 Qf6 28. Re3 h4 29. Qf2 h3 30. g3 Rxf3 31. Rxf3 exf3 32. Re1 g5 33. Kf1 Qf5 34. Qd2 f2 35. Rd1 Qf3 36. Qxg5+ Kh7 0-1

[Event "Frauenbundesliga 2023-24"]
[Site "Deizisau"]
[Date "2024.03.24"]
[Round "8.5"]
[White "Valkova, Angelika"]
[Black "Just, Anita"]
[Result "1-0"]
[ECO "A85"]
[WhiteElo "2021"]
[BlackElo "1873"]
[Annotator "NA"]
[PlyCount "73"]
[EventDate "2023.10.09"]
[EventType "team-tourn"]
[EventCountry "GER"]
[SourceTitle "playchess.com"]
[Source "ChessBase"]
[SourceQuality "1"]
[WhiteTeam "Schachfreunde Deizisau"]
[BlackTeam "SV Weißblau Allianz Leipzig"]
[TimeControl "40/5400+30:1800+30"]

1. d4 e6 2. c4 f5 3. a3 Nf6 4. Nc3 Be7 5. Bf4 d6 6. e3 O-O 7. Be2 Nbd7 8. Nf3 Ne4 9. Nxe4 fxe4 10. Nd2 d5 11. O-O Bg5 12. Bg4 Re8 13. Bg3 Nf8 14. Qb3 c6 15. Rae1 a5 16. f3 a4 17. Qc2 exf3 18. Nxf3 Bf6 19. Ne5 Nd7 20. Bh5 Rf8 21. Ng4 Bh4 22. Rxf8+ Nxf8 23. Qf2 Bxg3 24. Qf7+ Kh8 25. hxg3 Bd7 26. Rf1 e5 27. Nxe5 Be6 28. Qxb7 dxc4 29. Qxc6 Bg8 30. Bf7 Ra7 31. Bxg8 Kxg8 32. Qxc4+ Kh8 33. Nf7+ Rxf7 34. Qxf7 Ng6 35. Rc1 Ne7 36. Rc5 h6 37. Re5 1-0

[Event "Frauenbundesliga 2023-24"]
[Site "Deizisau"]
[Date "2024.03.24"]
[Round "8.6"]
[White "Germann, Heike"]
[Black "Gheng, Simona"]
[Result "0-1"]
[ECO "D58"]
[WhiteElo "1978"]
[BlackElo "1974"]
[Annotator "NA RC"]
[PlyCount "108"]
[EventDate "2023.10.09"]
[EventType "team-tourn"]
[EventCountry "GER"]
[SourceTitle "playchess.com"]
[Source "ChessBase"]
[SourceQuality "1"]
[WhiteTeam "SV Weißblau Allianz Leipzig"]
[BlackTeam "Schachfreunde Deizisau"]
[TimeControl "40/5400+30:1800+30"]

1. d4 d5 2. c4 e6 3. cxd5 exd5 4. Nc3 Nf6 5. Bg5 Be7 6. e3 h6 7. Bh4 b6 8. Nf3 O-O 9. Be2 Bb7 10. O-O Nbd7 11. Rc1 c5 12. dxc5 bxc5 13. Qc2 Ne4 14. Bxe7 Qxe7 15. Rfd1 Ndf6 16. Nd2 Nxc3 17. Qxc3 Rac8 18. Bf3 Rfd8 19. Qa3 Rc7 20. Nb3 Rdc8 21. h3 Ba8 22. Rc2 g6 23. Rdc1 Nd7 24. Qa5 Ne5 25. Be2 c4 26. Nd4 Nc6 27. Nxc6 Bxc6 28. Qc3 Qg5 29. Qd4 Bd7 30. Bf3 Bxh3 31. Qxd5 Be6 32. Qxg5 hxg5 33. Rc3 Rd7 34. R1c2 Rb8 35. e4 Rdb7 36. Be2 Rxb2 37. Bxc4 Rxc2 38. Rxc2 Rc8 39. Bb3 Rxc2 40. Bxc2 Bxa2 41. g3 Kf8 42. f4 gxf4 43. gxf4 Ke7 44. Kf2 Kd6 45. Ke3 Kc5 46. Ba4 Kb4 47. Be8 a5 48. Kd2 a4 49. Kc2 Bb3+ 50. Kb2 a3+ 51. Ka1 Kc5 52. f5 g5 53. e5 g4 54. e6 fxe6 0-1